 Dungeon Crawl Stone Soup version 0.29.0-13-gc9e81de378 (webtiles) character file.

Game seed: 14788441688446659330

273 ragingrage the Chopper (level 6, -1/47 HPs)
             Began as a Demonspawn Monk on Sept 9, 2022.
             Slain by Menkaure (19 damage)
             ... on level 5 of the Dungeon.
             The game lasted 00:03:40 (5296 turns).

ragingrage the Chopper (Demonspawn Monk)            Turns: 5296, Time: 00:03:41

Health: -1/47      AC:  9    Str: 20    XL:     6   Next: 2%
Magic:  6/6        EV: 10    Int: 11    God:
Gold:   180        SH:  0    Dex: 15    Spells: 5/5 levels left

rFire   . . .      SeeInvis .   a - +1 hand axe (vorpal)
rCold   . . .      Faith    .   (no shield)
rNeg    . . .      Spirit   .   s - +0 scale mail
rPois   .          Reflect  .   j - +0 helmet
rElec   .          Harm     .   i - +0 cloak
rCorr   .          Rampage  .   (no gloves)
Will    .....                   q - +0 pair of boots
Stlth   +.........              (no amulet)
HPRegen 0.15/turn               c - +6 ring of strength
MPRegen 0.10/turn               (no ring)

@: mighty
A: powered by pain 2
a: no special abilities


You were on level 5 of the Dungeon.
You visited 1 branch of the dungeon, and saw 5 of its levels.

You collected 180 gold pieces.

Inventory:

Hand Weapons
 a - a +1 vorpal hand axe (weapon)
 b - a +0 sling of flaming
 u - a +3 whip
Missiles
 m - 5 poisoned darts
Armour
 i - a +0 cloak (worn)
 j - a +0 helmet (worn)
 q - a +0 pair of boots (worn)
 s - a +0 scale mail (worn)
Jewellery
 c - a +6 ring of strength (left hand)
 p - a ring of wizardry
Wands
 n - a wand of charming (7)
Scrolls
 d - 2 scrolls of teleportation {unknown}
 e - a scroll of identify {unknown}
 g - a scroll of silence {unknown}
 h - a scroll of poison {unknown}
 o - a scroll of magic mapping {unknown}
Potions
 f - 2 potions of curing {unknown}
 k - a potion of degeneration {unknown}
 l - a potion of attraction {unknown}
 r - a potion of heal wounds {unknown}
 t - a potion of magic {unknown}


   Skills:
 - Level 3.0 Fighting
 + Level 6.2 Axes
 - Level 2.6 Dodging
 - Level 1.7 Stealth


You had 5 spell levels left.
You didn't know any spells.
Your spell library contained the following spells:

 Spells                   Type           Power      Damage    Failure   Level
 Ensorcelled Hibernation  Hex/Ice        0%         N/A       85%         2
 Passwall                 Tmut/Erth      0%         N/A       85%         2
 Frozen Ramparts          Ice            0%         1d1       97%         3
 Swiftness                Air            0%         N/A       97%         3
 Ice Form                 Ice/Tmut       0%         N/A       100%        4
 Summon Ice Beast         Ice/Summ       0%         N/A       100%        4


Dungeon Overview and Level Annotations

Branches:
Dungeon (5/15)
 Temple: D:4-7

Altars:
Wu Jian

Annotations:
D:5 Menkaure


Innate Abilities, Weirdness & Mutations

You sometimes gain power by taking damage.


Message History

There is a stone staircase leading up here.
An ice beast comes into view.
You hit the ice beast but do no damage.
The ice beast hits you but does no damage.
You hit the ice beast.
The ice beast is lightly wounded.
The ice beast barely misses you.
You barely miss the ice beast.
The ice beast is lightly wounded.
The ice beast hits you. The ice beast freezes you!
You hit the ice beast but do no damage.
The ice beast is lightly wounded.
The ice beast barely misses you.
You barely miss the ice beast.
The ice beast is lightly wounded.
The ice beast hits you but does no damage.
You hit the ice beast but do no damage.
The ice beast is lightly wounded.
The ice beast hits you but does no damage.
You hit the ice beast.
The ice beast is heavily wounded.
The ice beast barely misses you.
You barely miss the ice beast.
The ice beast is heavily wounded.
The ice beast hits you but does no damage.
Menkaure calls on the powers of darkness!
The ogre convulses!
Your body is wracked with pain!
You focus on the pain.
You feel very mighty all of a sudden.
You slash the ice beast!
You kill the ice beast!
Menkaure gestures wildly while chanting.
Menkaure seems to speed up.
Your Axes skill increases to level 6!
You have reached level 6!
Aiming: Charm
Press: ? - help, Shift-Dir - straight line, f - Menkaure
Aim: Menkaure (fast, chance to affect: 49%)
Okay, then.
Menkaure hits you!!
You die...

############
#######...OM.....#
........########M#
######### #@# #.#
#.# #.# #.# #.#
#.# #.#


You could see Menkaure (fast).

Vanquished Creatures
  An ice beast (D:5)
  Robin (D:1)
  3 adders
  4 gnolls
  2 worms (D:2)
  2 dart slugs (D:3)
  4 orcs
  10 endoplasms
  3 giant cockroaches
  14 goblins
  6 hobgoblins
  3 jackals
  4 kobolds (D:3)
  2 quokkas
  8 ball pythons
  7 bats
  4 frilled lizards
  6 rats
84 creatures vanquished.

Notes
Turn   | Place    | Note
-------+----------+-------------------------------------------
     0 | D:1      | ragingrage the Demonspawn Monk began the quest for the Orb.
     0 | D:1      | Reached XP level 1. HP: 18/18 MP: 1/1
    88 | D:1      | Reached skill level 3 in Axes
   271 | D:1      | Gained mutation: You sometimes gain a little power by
                  | taking damage. [demonic ancestry]
   271 | D:1      | Reached XP level 2. HP: 20/24 MP: 2/2
  1222 | D:2      | Found an ornate altar of the Wu Jian Council.
  1276 | D:2      | Noticed Robin
  1416 | D:1      | Reached XP level 3. HP: 26/29 MP: 3/3
  1555 | D:1      | Killed Robin
  1556 | D:1      | Reached skill level 4 in Axes
  2099 | D:1      | Reached XP level 4. HP: 15/35 MP: 4/4
  2836 | D:2      | Reached skill level 5 in Axes
  3818 | D:3      | Gained mutation: You sometimes gain power by taking damage.
                  | [demonic ancestry]
  3818 | D:3      | Reached XP level 5. HP: 22/41 MP: 5/5
  5111 | D:4      | Noticed an ice beast
  5130 | D:5      | Entered Level 5 of the Dungeon
  5248 | D:5      | Noticed Menkaure
  5249 | D:5      | Noticed an ogre
  5281 | D:5      | Noticed an ice beast
  5291 | D:5      | Killed an ice beast
  5292 | D:5      | Reached skill level 6 in Axes
  5292 | D:5      | Reached XP level 6. HP: 17/47 MP: 6/6
  5296 | D:5      | Slain by Menkaure

Illustrated notes

Levels and vault maps discovered:
D:1:      sevenhm_arrival_forest_fort_large_2, layout_basic,
          wad_floor_pattern_untrapped
D:2:      minmay_evil_eye, layout_rooms, basic_altar, uniq_robin
D:3:      layout_loops_ring
D:4:      layout_basic, minmay_temple_entry_stoned_glass, gammafunk_ghost_icy,
          minmay_misc_feat_four_crosses, uniq_crazy_yiuf_cottage
D:5:      layout_loops_ring, serial_glass, glass_columns_b, glass_columns_a,
          minmay_misc_feat_plants, grunt_ministairs_11, patterned_corridor,
          uniq_sigmund, uniq_menkaure, uniq_pikel

Skill      XL: |  1  2  3  4  5 |
---------------+----------------+-----
Axes           | 3 4 5 6 |  6.2
Fighting       | |  3.0
Dodging        | |  2.6
Stealth        | |  1.7

Action                   |  1- 3 |  4- 6 || total
-------------------------+-------+-------++-------
Melee: Hand axe          |   107 |   183 ||   290
       Punch             |       |     2 ||     2
 Fire: Sling             |     5 |    19 ||    24
  Use: Potion            |       |     2 ||     2
 Stab: Sleeping          |     2 |     2 ||     4
Armor: Robe              |    39 |    28 ||    67
       Scale mail        |       |    18 ||    18
Dodge: Dodged            |    94 |    90 ||   184
